 Dungeon Crawl Stone Soup version 0.23-a0-655-g3751e1c (webtiles) character file.

112 tatocazan the Poker (level 4, -5/35 HPs)
             Began as a Merfolk Gladiator on Jan 7, 2019.
             Slain by a gnoll
             ... wielding a +0 spear
              (11 damage)
             ... on level 3 of the Dungeon.
             The game lasted 00:02:32 (2891 turns).

tatocazan the Poker (Merfolk Gladiator)             Turns: 2891, Time: 00:02:32

Health: -5/35      AC:  4    Str: 14    XL:     4   Next: 95%
Magic:  4/4        EV: 14    Int:  7    God:
Gold:   99         SH:  0    Dex: 16    Spells: 3/3 levels left

rFire    . . .     SeeInvis .   a - +0 trident
rCold    . . .     Gourm    .   (no shield)
rNeg     . . .     Faith    .   b - +0 leather armour
rPois    .         Spirit   .   c - +0 helmet
rElec    .         Reflect  .   (no cloak)
rCorr    .         Harm     .   (no gloves)
MR       .....                  (no boots)
Stlth    +++.......             (no amulet)
HPRegen  0.11/turn              i - ring of stealth
MPRegen  0.09/turn              (no ring)

@: drained
A: change form in water, swift swim, stealthy swim
a: no special abilities


You were on level 3 of the Dungeon.
You were not hungry.

You visited 1 branch of the dungeon, and saw 3 of its levels.

You collected 99 gold pieces.

Inventory:

Hand Weapons
 a - a +0 trident (weapon)
Missiles
 d - 3 throwing nets (quivered)
Armour
 b - a +0 leather armour (worn)
 c - a +0 helmet (worn)
Jewellery
 i - a ring of stealth (left hand)
 t - an uncursed amulet of the gourmand {unknown}
Wands
 g - a wand of flame (14)
Scrolls
 e - 3 scrolls of amnesia {unknown}
 h - 3 scrolls of identify {unknown}
 j - 3 scrolls of enchant armour {unknown}
 l - a scroll of magic mapping {unknown}
 m - a scroll of enchant weapon {unknown}
 p - 2 scrolls of blinking {unknown}
 s - a scroll of teleportation {unknown}
 u - a scroll of noise {unknown}
Potions
 k - 2 potions of magic {unknown}
 n - a potion of resistance {unknown}
 o - 2 potions of lignification {unknown}
 q - a potion of cancellation {unknown}
 r - a potion of berserk rage {unknown}
Comestibles
 f - 4 rations
 v - a chunk of flesh


   Skills:
 + Level 3.0 Fighting
 * Level 5.9 Polearms
 - Level 2.2(2.1) Throwing
 + Level 1.0 Armour
 + Level 4.7 Dodging
 + Level 1.0 Stealth


You had 3 spell levels left.
You didn't know any spells.
Your spell library was empty.

Dungeon Overview and Level Annotations

Branches:
Dungeon (3/15)

Altars:
Zin


Message History

The gnoll hits you from afar with a +0 spear.
You take 6 damage, and have 20/35 hp.
Attack whom?
Press: ? - help, Dir - move target cursor, f/p - gnoll
Aim: a gnoll, wielding a +0 spear (moderately wounded)
You reach to attack!
You closely miss the gnoll.
The gnoll is moderately wounded.
The gnoll hits you from afar with a +0 spear.
You take 1 damage, and have 19/35 hp.
Attack whom?
Press: ? - help, Dir - move target cursor, f/p - gnoll
Aim: a gnoll, wielding a +0 spear (moderately wounded)
You reach to attack!
You hit the gnoll.
The gnoll is heavily wounded.
The gnoll hits you from afar with a +0 spear.
You take 3 damage, and have 16/35 hp.
The gnoll hits you from afar with a +0 spear!
* * * LOW HITPOINT WARNING * * *
The gnoll hits you from afar with a +0 spear!
You die...

......##........#
................#################
........................>........
....)÷##.........#######.#...####
......##.........#######.#...#
......##.................#...#
####.###.................#...####
####.# #..............<..........
.....###....).g†@........#...####
..............g..........#...#
####..)...######.........#...#
#......######.........#...#
#....S.(......######..#####
####.########## #..# #g# #..# #.#
#..# #.# ##.##


You could see 2 gnolls.

Vanquished Creatures
  A gnoll (D:3)
  4 adders
  An ooze (D:1)
  A worm (D:2)
  2 dart slugs
  A leopard gecko (D:2)
  2 orcs (D:3)
  4 giant cockroaches
  2 goblins
  8 hobgoblins
  10 bats
  6 frilled lizards
  8 kobolds
  3 rats
53 creatures vanquished.

Notes
Turn   | Place    | Note
-------+----------+-------------------------------------------
     0 | D:1      | tatocazan the Merfolk Gladiator began the quest for the
                  | Orb.
     0 | D:1      | Reached XP level 1. HP: 16/16 MP: 1/1
   111 | D:1      | Reached XP level 2. HP: 19/23 MP: 2/2
   339 | D:1      | Reached skill level 5 in Polearms
   344 | D:1      | Reached XP level 3. HP: 24/28 MP: 3/3
  1306 | D:2      | Reached XP level 4. HP: 14/34 MP: 4/4
  1866 | D:2      | Found a glowing silver altar of Zin.
  2873 | D:3      | Reached skill level 1 in Stealth
  2879 | D:3      | Reached skill level 1 in Armour
  2891 | D:3      | Slain by a gnoll

Vault maps used:
D:1:      psy_arrival_fountain, minmay_crystal_room
D:2:      marbit_many_paths, roderic_serpentine_path, minmay_misc_feat_plants
D:3:      first_ration, uniq_robin

Skill      XL: |  1  2  3  4 |
---------------+-------------+-----
Polearms       | 5 |  5.9
Fighting       | 3 |  3.0
Stealth        | 1 |  1.0
Armour         | 1 |  1.0
Throwing       | |  2.2
Dodging        | |  4.7

Action                   |  1- 3 |  4- 6 || total
-------------------------+-------+-------++-------
Melee: Trident           |   112 |    69 ||   181
Evoke: Wand              |       |     2 ||     2
 Stab: Sleeping          |     6 |     6 ||    12
  Eat: Chunk             |     1 |     5 ||     6
Armor: Leather armour    |    20 |     9 ||    29
Dodge: Dodged            |    58 |    39 ||    97

Table legend:
 A = Non-vault XP
 B = Vault XP
 C = Vault XP percentage of total XP
 D = Non-vault monster count
 E = Vault monster count
 F = Vault count percentage of total count
                 A         B        C        D         E       F
            +---------+---------+-------+---------+---------+-------
      Total |     159 |       2 |   1.2 |      52 |       1 |   1.9
            +---------+---------+-------+---------+---------+-------
        D:1 |      41 |       0 |   0.0 |      22 |       0 |   0.0
        D:2 |      54 |       2 |   3.6 |      15 |       1 |   6.2
        D:3 |      64 |       0 |   0.0 |      15 |       0 |   0.0
            +---------+---------+-------+---------+---------+-------
